[Event "2nd Hersonissos Open 2018"]
[Site "Hersonissos"]
[Date "2018.06.19"]
[Round "4"]
[White "L'ami, Alina"]
[Black "Loshkarev, Dmitri"]
[Result "1-0"]
[ECO "D20"]
[WhiteElo "2307"]
[BlackElo "2089"]
[Annotator "NA"]
[PlyCount "85"]
[EventDate "2018.06.16"]
[EventType "swiss"]
[EventCountry "GRE"]
[SourceTitle "playchess.com"]
[Source "ChessBase"]
[SourceQuality "1"]
[TimeControl "5400+30"]

1. d4 d5 2. c4 dxc4 3. e4 Nf6 4. e5 Nd5 5. Bxc4 Nb6 6. Bb3 Nc6 7. Ne2 Bg4 8. f3 Bf5 9. Nbc3 e6 10. O-O Qd7 11. Be3 h5 12. Qc1 Bd3 13. Rd1 Bxe2 14. Nxe2 Nd5 15. Ba4 Be7 16. Bf2 O-O-O $16 17. a3 Nb6 18. Bb5 a6 19. Bxc6 Qxc6 20. Qxc6 bxc6 21. Rac1 c5 22. dxc5 Rxd1+ 23. Rxd1 Nd7 24. b4 Nxe5 25. Nd4 Kb7 26. Nb3 Nc6 27. Kf1 Rd8 28. Ke2 Rxd1 29. Kxd1 Bf6 30. Kc2 Be5 31. h3 Bf6 32. Be1 g6 33. Bc3 Be7 34. Kd3 Bh4 35. a4 Na7 36. Na5+ Kc8 37. c6 Kd8 38. Bd4 Nc8 39. Nb7+ Ke7 40. Kc4 Bg3 41. b5 Nd6+ 42. Nxd6 Kxd6 43. Bc5+ 1-0

[Event "2nd Hersonissos Open 2018"]
[Site "Hersonissos"]
[Date "2018.06.19"]
[Round "4"]
[White "Lirindzakis, Timotheos"]
[Black "Kouvidis, Ioannis"]
[Result "1/2-1/2"]
[ECO "E92"]
[WhiteElo "2163"]
[BlackElo "1730"]
[Annotator "NA"]
[PlyCount "43"]
[EventDate "2018.06.16"]
[EventType "swiss"]
[EventCountry "GRE"]
[SourceTitle "playchess.com"]
[Source "ChessBase"]
[SourceQuality "1"]
[TimeControl "5400+30"]

1. d4 Nf6 2. c4 g6 3. Nc3 Bg7 4. e4 d6 5. Nf3 O-O 6. Be2 e5 7. d5 a5 8. Bg5 Na6 9. Nd2 Qe8 10. a3 Bd7 11. b3 Kh8 12. g4 Ng8 13. Be3 Qe7 14. h4 f5 15. gxf5 gxf5 16. exf5 Bxf5 17. Nde4 Nf6 $11 18. Ng3 Bd7 19. h5 h6 20. Qd2 Nc5 21. Bd1 e4 22. Bxc5 1/2-1/2

[Event "2nd Hersonissos Open 2018"]
[Site "Hersonissos"]
[Date "2018.06.19"]
[Round "4"]
[White "Vanheirzeele, Daniel"]
[Black "Umbetov, Kazybek"]
[Result "1/2-1/2"]
[ECO "A81"]
[WhiteElo "2156"]
[BlackElo "2001"]
[Annotator "NA"]
[PlyCount "25"]
[EventDate "2018.06.16"]
[EventType "swiss"]
[EventCountry "GRE"]
[SourceTitle "playchess.com"]
[Source "ChessBase"]
[SourceQuality "1"]
[TimeControl "5400+30"]

1. d4 f5 2. g3 Nf6 3. Bg2 g6 4. c3 Bg7 5. Nd2 c6 6. Nh3 O-O 7. O-O d6 8. Qb3+ e6 9. e4 Kh8 10. exf5 exf5 11. Nf3 Ne4 $16 12. Nf4 Qf6 13. d5 1/2-1/2

[Event "2nd Hersonissos Open 2018"]
[Site "Hersonissos"]
[Date "2018.06.19"]
[Round "4"]
[White "Lobersli, Henrik Oie"]
[Black "Brokalakis - Gounaris, Christos"]
[Result "1-0"]
[ECO "C96"]
[WhiteElo "2134"]
[BlackElo "1851"]
[Annotator "NA"]
[PlyCount "51"]
[EventDate "2018.06.16"]
[EventType "swiss"]
[EventCountry "GRE"]
[SourceTitle "playchess.com"]
[Source "ChessBase"]
[SourceQuality "1"]
[TimeControl "5400+30"]

1. e4 e5 2. Nf3 Nc6 3. Bb5 a6 4. Ba4 Nf6 5. O-O Be7 6. Re1 b5 7. Bb3 O-O 8. h3 d6 9. c3 Na5 10. Bc2 c5 11. d4 Nc6 12. d5 Na5 13. b3 Re8 14. Nbd2 Bf8 15. Nf1 Bd7 16. Ng3 g6 17. Nh2 Bg7 18. f4 Qb6 19. Kh1 exf4 20. Bxf4 Bc8 21. Qf3 Ra7 22. Bg5 Nd7 23. Ng4 Ne5 24. Nf6+ Kh8 25. Qf4 Rf8 26. Qh4 1-0

[Event "2nd Hersonissos Open 2018"]
[Site "Hersonissos"]
[Date "2018.06.19"]
[Round "4"]
[White "Angermuende, Dirk"]
[Black "Fragiadakis, Emanouel"]
[Result "1-0"]
[ECO "C45"]
[WhiteElo "1966"]
[BlackElo "1813"]
[Annotator "NA"]
[PlyCount "78"]
[EventDate "2018.06.16"]
[EventType "swiss"]
[EventCountry "GRE"]
[SourceTitle "playchess.com"]
[Source "ChessBase"]
[SourceQuality "1"]
[TimeControl "5400+30"]

1. e4 e5 2. Nf3 Nc6 3. d4 exd4 4. Nxd4 Bc5 5. Be3 Qf6 6. c3 Nge7 7. Be2 O-O 8. O-O b6 9. Qd2 Qg6 10. b4 Bxd4 11. cxd4 Bb7 12. d5 Nd8 13. Nc3 d6 14. f4 f5 15. e5 Nf7 16. e6 Nd8 $18 (16... Nh6 {was worth a try.} 17. Rf3 Ng4) 17. Bf3 c6 18. dxc6 Bxc6 19. Qxd6 Qxe6 20. Qxe6+ Nxe6 21. Rae1 Rf6 22. Bxc6 Nxc6 23. Nd5 Rf7 24. Bxb6 Nxf4 25. Rxf4 axb6 26. b5 g5 27. Rc4 Na5 28. Ra4 Raa7 29. Nxb6 Rfb7 30. Nc8 Ra8 31. Re8+ Kg7 32. Re7+ Rxe7 33. Nxe7 Ra7 34. Nxf5+ Kf6 35. Nd4 Rd7 36. Rxa5 Rxd4 37. b6 Rb4 38. Ra6 Ke5 39. a4 Ke4 1-0

[Event "2nd Hersonissos Open 2018"]
[Site "Hersonissos"]
[Date "2018.06.19"]
[Round "4"]
[White "Stefanov, Evtim"]
[Black "Spirou, Gerasimos"]
[Result "1-0"]
[ECO "C48"]
[WhiteElo "1959"]
[BlackElo "1716"]
[Annotator "NA"]
[PlyCount "73"]
[EventDate "2018.06.16"]
[EventType "swiss"]
[EventCountry "GRE"]
[SourceTitle "playchess.com"]
[Source "ChessBase"]
[SourceQuality "1"]
[TimeControl "5400+30"]

1. e4 e5 2. Nf3 Nc6 3. Nc3 Nf6 4. Bb5 Bc5 5. Nxe5 Bxf2+ 6. Kxf2 Nxe5 7. d4 Neg4+ 8. Kg1 c6 9. Ba4 Qb6 10. h3 Ne5 11. Kh2 Ng6 12. e5 Qc7 13. g3 Nd5 14. Nxd5 cxd5 15. Bb3 O-O 16. Bxd5 $16 d6 17. exd6 Qxd6 18. Bg2 Qb6 19. Rf1 Bd7 20. b3 Rad8 21. c4 Qc7 22. Qf3 Bc6 23. d5 Ne5 24. Qf4 Bd7 25. Ba3 Rfe8 26. Rae1 f6 27. Bb2 Bc8 28. b4 Qxc4 29. Bxe5 Qxa2 30. Bc7 Rxe1 31. Rxe1 Rf8 32. Qe3 Bd7 33. Re2 Qc4 34. d6 Re8 35. Qxe8+ Bxe8 36. Rxe8+ Kf7 37. d7 1-0

[Event "2nd Hersonissos Open 2018"]
[Site "Hersonissos"]
[Date "2018.06.19"]
[Round "4"]
[White "Haverkamp, Klaus"]
[Black "Ivanov, Svetlen"]
[Result "1-0"]
[ECO "C41"]
[WhiteElo "1921"]
[BlackElo "1591"]
[Annotator "NA"]
[PlyCount "51"]
[EventDate "2018.06.16"]
[EventType "swiss"]
[EventCountry "GRE"]
[SourceTitle "playchess.com"]
[Source "ChessBase"]
[SourceQuality "1"]
[TimeControl "5400+30"]

1. e4 d6 2. Nf3 Nf6 3. Nc3 e5 4. d4 Nbd7 5. Bc4 Be7 6. O-O O-O 7. a4 a6 8. Bg5 b6 9. Bxf6 Bxf6 10. Nd5 c6 11. Nxf6+ Qxf6 12. Ra3 Rb8 13. Re1 b5 14. axb5 axb5 15. Bf1 Nb6 16. Rd3 Be6 17. b3 Rfd8 18. Qd2 Bg4 19. Be2 Qg6 20. dxe5 Qxe4 21. Rd4 Qg6 22. Nh4 Qh5 23. Rxg4 dxe5 24. Qxd8+ Rxd8 25. Rxg7+ Kxg7 26. Bxh5 1-0

[Event "2nd Hersonissos Open 2018"]
[Site "Hersonissos"]
[Date "2018.06.19"]
[Round "4"]
[White "Maris, Ioannis"]
[Black "Roditakis, Emmanouil"]
[Result "1-0"]
[ECO "B30"]
[WhiteElo "1915"]
[BlackElo "1118"]
[Annotator "NA"]
[PlyCount "105"]
[EventDate "2018.06.16"]
[EventType "swiss"]
[EventCountry "GRE"]
[SourceTitle "playchess.com"]
[Source "ChessBase"]
[SourceQuality "1"]
[TimeControl "5400+30"]

1. e4 c5 2. Nf3 Nc6 3. b3 d6 4. Bc4 Bg4 5. Bxf7+ Kxf7 6. Ng5+ Ke8 7. Qxg4 Nf6 8. Qe6 Nd4 9. Qf7+ Kd7 10. Na3 Qe8 11. c3 Nc6 12. Qe6+ Kc7 13. d4 cxd4 14. Nb5+ Kb6 15. Nxd4 a6 16. Be3 Kc7 17. Nf7 Rg8 18. f3 Qd7 19. Ng5 Qxe6 20. Ngxe6+ Kd7 21. O-O-O Nxd4 22. Nxd4 Rc8 23. Kb2 g6 24. g4 Bg7 25. h4 Rc7 26. h5 Rgc8 27. Rd3 e5 28. Ne2 b5 29. a3 Rb7 30. Ng3 a5 31. hxg6 hxg6 32. g5 Ne8 33. Ne2 b4 34. axb4 axb4 35. cxb4 Rxb4 36. Nc3 Nc7 37. Bc5 Rb7 38. Rxd6+ Ke8 39. Rh7 Nb5 40. Nxb5 Rxc5 41. Na3 Ra5 42. Rxg6 Kf8 43. Rc6 Ra8 44. Nc2 Rab8 45. b4 Kg8 46. g6 Bf8 47. Rxb7 Rxb7 48. Kc3 Be7 49. Kc4 Kg7 50. b5 Bd8 51. Ne3 Bg5 52. Nf5+ Kg8 53. Rc8+ 1-0

[Event "2nd Hersonissos Open 2018"]
[Site "Hersonissos"]
[Date "2018.06.19"]
[Round "4"]
[White "Lichii, Elizaveta"]
[Black "Kanellopoulos, Georgios G"]
[Result "1-0"]
[ECO "C65"]
[WhiteElo "1888"]
[BlackElo "1689"]
[Annotator "NA"]
[PlyCount "107"]
[EventDate "2018.06.16"]
[EventType "swiss"]
[EventCountry "GRE"]
[SourceTitle "playchess.com"]
[Source "ChessBase"]
[SourceQuality "1"]
[TimeControl "5400+30"]

1. e4 e5 2. Nf3 Nc6 3. Bb5 Nf6 4. O-O Bc5 5. c3 O-O 6. d4 Bb6 7. Bg5 d6 8. Bxc6 bxc6 9. dxe5 dxe5 10. Qxd8 Rxd8 11. Nxe5 Re8 12. Bxf6 gxf6 13. Nxc6 Bb7 14. Nb4 Rxe4 15. Nd2 Rg4 16. g3 f5 17. Rfe1 f4 18. Nf1 h5 19. Nd3 fxg3 20. hxg3 h4 21. Ne3 Rg5 22. g4 Bxe3 23. Rxe3 Kg7 24. f3 Rh8 25. Kh2 f5 26. Rg1 Kf6 27. Kh3 Bc8 28. Nf2 f4 29. Re4 Bf5 30. Rxf4 Ke5 31. Rxf5+ Rxf5 32. gxf5 Kxf5 33. Rg4 Ke5 34. Nd3+ Kd5 35. Rxh4 Rxh4+ 36. Kxh4 Kc4 37. Ne5+ Kd5 38. f4 Ke6 39. Kg5 Ke7 40. f5 Kf8 41. Kg6 Ke7 42. f6+ Kf8 43. f7 Ke7 44. Kg7 Ke6 45. f8=Q Kxe5 46. Qe8+ Kf5 47. Kf7 Kf4 48. Qe2 Kf5 49. Ke7 Kf4 50. Ke6 Kg5 51. Qf3 Kg6 52. Qg4+ Kh7 53. Kf7 Kh6 54. Qg6# 1-0

[Event "2nd Hersonissos Open 2018"]
[Site "Hersonissos"]
[Date "2018.06.19"]
[Round "4"]
[White "Bras, Emanouel"]
[Black "Alexandrakis, Georgios"]
[Result "1-0"]
[ECO "D02"]
[WhiteElo "1859"]
[BlackElo "1299"]
[Annotator "NA"]
[PlyCount "61"]
[EventDate "2018.06.16"]
[EventType "swiss"]
[EventCountry "GRE"]
[SourceTitle "playchess.com"]
[Source "ChessBase"]
[SourceQuality "1"]
[TimeControl "5400+30"]

1. d4 d5 2. Nf3 Nf6 3. Bf4 c5 4. e3 Nc6 5. Nc3 a6 6. Be2 e6 7. O-O Bd6 8. Ne5 Qe7 9. Nxc6 bxc6 10. Bxd6 Qxd6 11. Na4 c4 12. b3 Qb4 13. c3 Qb5 14. bxc4 dxc4 15. Rb1 Qa5 16. Nb6 Rb8 17. Nxc4 Qc7 18. Rxb8 Qxb8 19. Ne5 Qb6 20. Qb3 Qc7 21. Qa3 h5 22. Bxa6 Ng4 23. Bxc8 Qxc8 24. Nc4 Qd8 25. h3 Nf6 26. Nd6+ Kf8 27. Rb1 g5 28. Rb7 Nd7 29. Ne4+ Ke8 30. Qa7 g4 31. Rxd7 1-0

[Event "2nd Hersonissos Open 2018"]
[Site "Hersonissos"]
[Date "2018.06.19"]
[Round "4"]
[White "Warnk, Torsten"]
[Black "Djingarova, Emilia"]
[Result "0-1"]
[ECO "A48"]
[WhiteElo "1853"]
[BlackElo "2218"]
[Annotator "NA"]
[PlyCount "94"]
[EventDate "2018.06.16"]
[EventType "swiss"]
[EventCountry "GRE"]
[SourceTitle "playchess.com"]
[Source "ChessBase"]
[SourceQuality "1"]
[TimeControl "5400+30"]

1. d4 Nf6 2. Nf3 g6 3. c4 Bg7 4. Nc3 O-O 5. Bf4 d6 6. e3 b6 7. Be2 Bb7 8. O-O Nbd7 9. Rc1 h6 10. h3 Ne4 11. Nxe4 Bxe4 12. Nd2 Bb7 13. Bf3 Bxf3 14. Nxf3 e5 15. dxe5 dxe5 16. Bg3 Qe7 17. Qc2 a5 18. b3 f5 $11 19. Rcd1 Nc5 20. Rd5 f4 21. exf4 exf4 22. Re1 Qf6 23. Bh2 Rad8 24. Qd2 g5 25. Ne5 Rxd5 26. Qxd5+ Qe6 27. Qxe6+ Nxe6 28. g3 Nd4 29. Kf1 Bxe5 30. Rxe5 Nf3 31. gxf4 Nxe5 32. fxe5 Re8 33. Ke2 Kf7 34. Kf3 Ke6 35. Ke3 c6 36. f4 gxf4+ 37. Bxf4 h5 38. Ke4 Rg8 39. Be3 b5 40. cxb5 cxb5 41. Bb6 a4 42. bxa4 bxa4 43. a3 Rg3 44. Bc5 Rxh3 45. Kf4 Rc3 46. Bb4 Rc4+ 47. Kg5 Rxb4 0-1

[Event "2nd Hersonissos Open 2018"]
[Site "Hersonissos"]
[Date "2018.06.19"]
[Round "4"]
[White "Storkebaum, Ulrike"]
[Black "Bit-Narva, David"]
[Result "0-1"]
[ECO "B06"]
[WhiteElo "1825"]
[BlackElo "1926"]
[Annotator "NA"]
[PlyCount "154"]
[EventDate "2018.06.16"]
[EventType "swiss"]
[EventCountry "GRE"]
[SourceTitle "playchess.com"]
[Source "ChessBase"]
[SourceQuality "1"]
[TimeControl "5400+30"]

1. e4 g6 2. d4 Bg7 3. f4 d6 4. h3 Nd7 5. Nf3 e6 6. Nc3 a6 7. Be3 Ne7 8. Qd2 O-O 9. Bd3 b5 10. O-O Bb7 11. Rad1 c5 12. dxc5 Nxc5 13. Bd4 Bxd4+ 14. Nxd4 b4 15. Nce2 Bxe4 16. Bxe4 Nxe4 17. Qxb4 Nd5 18. Qa3 Qb6 19. Kh2 Rab8 20. Qf3 Nef6 21. c4 Ne7 22. b3 Qb7 23. Qxb7 Rxb7 24. Nf3 d5 25. Ne5 Nf5 26. Rd3 dxc4 27. Nxc4 Ne4 28. g4 Ne7 29. Rd4 Nc5 30. Ne3 Rd7 31. Rxd7 Nxd7 32. Rd1 Nb6 33. Rd6 Rb8 34. Kg3 a5 35. Kf3 Ned5 36. Nxd5 Nxd5 37. f5 Nb4 38. fxe6 fxe6 39. Rxe6 Kf7 40. Rd6 Nxa2 41. Rd7+ Kf6 42. Rd3 Nb4 43. Rc3 Nd5 44. Rd3 Ke5 45. Kg3 Rc8 46. Kf3 h6 47. Rd2 Rf8+ 48. Kg2 Ne3+ 49. Kg1 Rf1+ 50. Kh2 Rb1 51. Ra2 Nd5 52. Ng3 Kf4 53. Ne2+ Ke4 54. Ng3+ Kf3 55. Rd2 Nf4 56. Nh1 Rxb3 57. Rf2+ Ke3 58. Ra2 a4 59. Ng3 a3 60. Nf1+ Kd3 61. Nd2 Rb2 62. Rxa3+ Kxd2 63. Kg3 g5 64. h4 Ne2+ 65. Kh3 Rb5 66. hxg5 hxg5 67. Ra8 Ke3 68. Re8+ Kf3 69. Ra8 Nf4+ 70. Kh2 Rb2+ 71. Kh1 Kxg4 72. Ra3 Kh4 73. Kg1 g4 74. Ra8 g3 75. Ra1 Kh3 76. Kh1 Rh2+ 77. Kg1 Ne2+ 0-1

[Event "2nd Hersonissos Open 2018"]
[Site "Hersonissos"]
[Date "2018.06.19"]
[Round "4"]
[White "Papidakis, Georgios"]
[Black "Kadianis, Georgios"]
[Result "0-1"]
[ECO "D10"]
[WhiteElo "1710"]
[BlackElo "1917"]
[Annotator "NA"]
[PlyCount "166"]
[EventDate "2018.06.16"]
[EventType "swiss"]
[EventCountry "GRE"]
[SourceTitle "playchess.com"]
[Source "ChessBase"]
[SourceQuality "1"]
[TimeControl "5400+30"]

1. d4 d5 2. c4 c6 3. cxd5 cxd5 4. Bf4 Nc6 5. e3 Nf6 6. Nc3 a6 7. Bd3 e6 8. h3 Be7 9. Nf3 O-O 10. O-O Bd7 11. Rc1 b5 12. Ne5 Rc8 13. Nxd7 Nxd7 14. a4 b4 15. Nb1 Qb6 16. Qe2 Ndb8 17. Nd2 b3 18. Bxb8 Nxb8 19. Rxc8 Rxc8 20. Qd1 Qa5 21. Nxb3 Qxa4 22. Nc5 Qa5 23. Qb1 Bxc5 24. Bxh7+ Kf8 25. Rc1 Qb4 26. Bd3 Rc7 27. dxc5 Rxc5 28. Rxc5 Qxc5 29. Bf1 g6 30. Qa2 a5 31. Qb3 Nd7 32. Qa2 Ne5 33. Qa1 Nc4 34. Bxc4 dxc4 35. Qd1 Qb6 36. Qd2 Ke7 37. Qc3 Qb5 38. Qd4 a4 39. Qa7+ Kf8 40. Qd4 e5 41. Qc3 Kg8 42. h4 Qb3 43. Qxe5 c3 44. bxc3 a3 45. Kh2 a2 46. Qa5 Qb8+ 47. f4 Qb1 48. Qd8+ Kh7 49. Qf6 Qf5 50. Qa6 Qd5 51. Qa3 Kg7 52. Qa7 Qd2 53. Qa4 Kh7 54. Qa7 Kg8 55. Qa8+ Kg7 56. Qa4 Kf8 57. Qa8+ Ke7 58. Qe4+ Kd7 59. Qb7+ Ke6 60. Qc6+ Kf5 61. Qc5+ Ke4 62. Qe5+ Kd3 63. Qb5+ Kc2 64. Qa4+ Kc1 65. Qa6 Kb2 66. Qb5+ Kxc3 67. Qa5+ Kd3 68. Qd5+ Ke2 69. Qc4+ Ke1 70. Qa4 Qb2 71. Qa5+ Kf1 72. Qa6+ Qe2 73. Qa8 Kf2 74. e4 Ke3 75. f5 Qb2 76. Qa7+ Kxe4 77. Qa8+ Kxf5 78. Qf3+ Ke6 79. Qc6+ Ke7 80. Qc5+ Kf6 81. Qf8 Qe5+ 82. Kh3 a1=Q 83. Qd8+ Kg7 0-1

[Event "2nd Hersonissos Open 2018"]
[Site "Hersonissos"]
[Date "2018.06.19"]
[Round "4"]
[White "Magoulianos, Nikolaos"]
[Black "Sielicki, Tomasz"]
[Result "0-1"]
[ECO "A41"]
[WhiteElo "1434"]
[BlackElo "1963"]
[Annotator "NA"]
[PlyCount "104"]
[EventDate "2018.06.16"]
[EventType "swiss"]
[EventCountry "GRE"]
[SourceTitle "playchess.com"]
[Source "ChessBase"]
[SourceQuality "1"]
[TimeControl "5400+30"]

1. d4 d6 2. c4 e5 3. dxe5 dxe5 4. Qxd8+ Kxd8 5. Nc3 Be6 6. Nf3 f6 7. e4 c6 8. Be2 Nd7 9. O-O Kc7 10. Be3 a5 11. Na4 Ne7 12. Rfd1 b6 13. Rd2 Nc8 14. a3 Nd6 $11 15. Rad1 Rb8 16. Nc3 Nb7 17. Ne1 Be7 18. f4 Rhd8 19. Nf3 Nd6 20. fxe5 fxe5 21. Bg5 Nf6 22. Nxe5 Ndxe4 23. Nxe4 Nxe4 24. Rxd8 Bxd8 25. Bxd8+ Rxd8 26. Rxd8 Kxd8 27. Nxc6+ Kd7 28. Nd4 h6 29. Nxe6 Kxe6 30. Bd3 Nc5 31. Bc2 Ke5 32. Kf2 Kd4 33. Kg3 Kxc4 34. Kh4 Nd3 35. Bxd3+ Kxd3 36. Kh5 Kc2 37. Kg6 Kxb2 38. Kxg7 Kxa3 39. Kxh6 b5 40. g4 b4 41. g5 b3 42. g6 b2 43. g7 b1=Q 44. g8=Q Qc1+ 45. Qg5 Qxg5+ 46. Kxg5 Kb4 47. h4 a4 48. h5 a3 49. h6 a2 50. h7 a1=Q 51. Kh6 Qf6+ 52. Kh5 Qg7 0-1

[Event "2nd Hersonissos Open 2018"]
[Site "Hersonissos"]
[Date "2018.06.19"]
[Round "4"]
[White "Vlatas, Dimitrios"]
[Black "Pliev, Vladimir"]
[Result "0-1"]
[ECO "A00"]
[WhiteElo "1146"]
[BlackElo "1909"]
[Annotator "NA"]
[PlyCount "44"]
[EventDate "2018.06.16"]
[EventType "swiss"]
[EventCountry "GRE"]
[SourceTitle "playchess.com"]
[Source "ChessBase"]
[SourceQuality "1"]
[TimeControl "5400+30"]

1. g3 d5 2. Bg2 c5 3. d3 Nc6 4. Nd2 Nf6 5. Ngf3 g6 6. b3 Bg7 7. Bb2 O-O 8. O-O Qc7 9. e4 dxe4 10. Nxe4 Nxe4 11. Bxg7 Nxf2 12. Rxf2 Kxg7 13. Qd2 f6 14. Raf1 Bg4 15. Nh4 Nd4 16. Kh1 Rac8 17. Rf4 Qd7 18. R4f2 e5 19. c3 Nc6 20. h3 Bxh3 21. Bxh3 Qxh3+ 22. Rh2 Qxf1# 0-1

[Event "2nd Hersonissos Open 2018"]
[Site "Hersonissos"]
[Date "2018.06.20"]
[Round "5"]
[White "Risting, Eivind Olav"]
[Black "Haug, Johannes"]
[Result "1/2-1/2"]
[ECO "D38"]
[WhiteElo "2301"]
[BlackElo "2401"]
[Annotator "NA"]
[PlyCount "30"]
[EventDate "2018.06.16"]
[EventType "swiss"]
[EventCountry "GRE"]
[SourceTitle "playchess.com"]
[Source "ChessBase"]
[SourceQuality "1"]
[TimeControl "5400+30"]

1. c4 e6 2. Nc3 d5 3. d4 Bb4 4. Nf3 Nf6 5. cxd5 exd5 6. Bg5 h6 7. Bh4 c5 8. dxc5 Nc6 9. e3 g5 10. Bg3 Ne4 11. Nd2 Nxc3 12. bxc3 Bxc3 13. Rc1 Qa5 14. Bd3 Be6 15. Rc2 Bg7 1/2-1/2

[Event "2nd Hersonissos Open 2018"]
[Site "Hersonissos"]
[Date "2018.06.20"]
[Round "5"]
[White "Djingarova, Emilia"]
[Black "Hommeles, Theo"]
[Result "0-1"]
[ECO "B06"]
[WhiteElo "2218"]
[BlackElo "2361"]
[Annotator "NA"]
[PlyCount "144"]
[EventDate "2018.06.16"]
[EventType "swiss"]
[EventCountry "GRE"]
[SourceTitle "playchess.com"]
[Source "ChessBase"]
[SourceQuality "1"]
[TimeControl "5400+30"]

1. d4 g6 2. e4 Bg7 3. Nf3 d6 4. Bd3 Nc6 5. c3 e5 6. dxe5 dxe5 7. O-O h6 8. Na3 Nf6 9. Nc4 Nh5 10. a4 Be6 11. b4 Nf4 12. Bxf4 exf4 13. Qc2 O-O 14. b5 Ne7 15. Rfd1 c5 16. a5 Qc7 17. Be2 Rad8 18. a6 b6 19. h3 g5 20. Rd2 Rxd2 21. Nfxd2 Rd8 22. Nf3 Ng6 23. Re1 Ne5 24. Ncxe5 Bxe5 25. c4 Kf8 26. Rd1 Rxd1+ 27. Qxd1 Ke7 28. Qd3 Qd6 29. Kf1 Qxd3 30. Bxd3 Kd6 31. Ke2 Bf6 32. Nd2 Ke5 33. Nf3+ Kd6 34. Nd2 Be7 35. Nf3 Bf8 36. Nd2 Ke5 37. Nf3+ Kd6 38. Nd2 Bg7 39. Nb3 Bc3 40. f3 h5 41. Kf2 Be5 42. Ke2 Ke7 43. Kf2 Kf6 44. Ke2 Kg7 45. Kf2 Kf8 46. Ke2 Kg8 47. Kf2 Kh8 48. Ke2 Kg7 49. Kf2 Kg6 50. Ke2 g4 51. hxg4 hxg4 52. Nd2 Bc3 53. Nf1 Kg5 54. Nh2 g3 55. Ng4 Bxg4 56. fxg4 Kxg4 57. e5 f3+ 58. Kf1 f2 59. Be4 Bxe5 60. Ke2 Kf4 61. Bd5 f6 62. Bf3 Bd6 63. Bd5 Ke5 64. Kf1 Kd4 65. Be6 Kd3 66. Bd5 Be5 67. Bf7 Bd4 68. Bd5 f5 69. Be6 f4 70. Bd5 f3 71. Bxf3 Kxc4 72. Bc6 Kb4 0-1

[Event "2nd Hersonissos Open 2018"]
[Site "Hersonissos"]
[Date "2018.06.20"]
[Round "5"]
[White "Loshkarev, Dmitri"]
[Black "Bras, Emanouel"]
[Result "1-0"]
[ECO "B12"]
[WhiteElo "2089"]
[BlackElo "1859"]
[Annotator "NA"]
[PlyCount "60"]
[EventDate "2018.06.16"]
[EventType "swiss"]
[EventCountry "GRE"]
[SourceTitle "playchess.com"]
[Source "ChessBase"]
[SourceQuality "1"]
[TimeControl "5400+30"]

1. e4 c6 2. d4 d5 3. e5 Bf5 4. c4 e6 5. Nc3 Ne7 6. Be3 Bg6 7. c5 Na6 8. a3 Nc7 9. Nf3 Nf5 10. h4 Nxe3 11. fxe3 Bh5 12. Be2 Be7 13. g3 f6 14. exf6 gxf6 15. Nh2 Bxe2 16. Qxe2 Kd7 17. O-O-O b6 18. cxb6 axb6 19. e4 Ra5 20. Rhe1 b5 21. exd5 cxd5 22. Kc2 b4 23. axb4 Bxb4 24. Ra1 Qa8 25. Rxa5 Qxa5 26. Ng4 Rc8 27. Nxf6+ Kd8 28. Qg4 Nb5 29. Rxe6 Qa4+ 30. Kd3 Nxc3 {Ke4} 1-0

[Event "2nd Hersonissos Open 2018"]
[Site "Hersonissos"]
[Date "2018.06.20"]
[Round "5"]
[White "Umbetov, Kazybek"]
[Black "Maris, Ioannis"]
[Result "1-0"]
[ECO "A01"]
[WhiteElo "2001"]
[BlackElo "1915"]
[Annotator "NA"]
[PlyCount "71"]
[EventDate "2018.06.16"]
[EventType "swiss"]
[EventCountry "GRE"]
[SourceTitle "playchess.com"]
[Source "ChessBase"]
[SourceQuality "1"]
[TimeControl "5400+30"]

1. b3 Nf6 2. Bb2 e6 3. e3 b6 4. f4 Bb7 5. Nf3 g6 6. Be2 Bg7 7. O-O O-O 8. c4 c5 9. Na3 Nc6 10. Nc2 Rc8 11. Qe1 d5 12. cxd5 exd5 13. d3 Qe7 14. Ne5 Nd7 15. Nxc6 Bxc6 16. Bxg7 Kxg7 17. f5 f6 18. Qh4 Ne5 19. d4 Nf7 20. dxc5 bxc5 21. Rac1 d4 22. fxg6 hxg6 23. Bg4 d3 24. Bxc8 Rxc8 25. Na3 Ng5 26. Nc4 Ne4 27. Rcd1 Rh8 28. Qg4 Rh5 29. Rxd3 Rg5 30. Qc8 Bd5 31. g3 Be6 32. Qd8 Qf7 33. Nd6 Nxd6 34. Rxd6 Re5 35. Rfd1 Kh6 36. Qh8+ 1-0

[Event "2nd Hersonissos Open 2018"]
[Site "Hersonissos"]
[Date "2018.06.20"]
[Round "5"]
[White "Sielicki, Tomasz"]
[Black "Kozyris, Ilias"]
[Result "1-0"]
[ECO "A45"]
[WhiteElo "1963"]
[BlackElo "1570"]
[Annotator "NA"]
[PlyCount "55"]
[EventDate "2018.06.16"]
[EventType "swiss"]
[EventCountry "GRE"]
[SourceTitle "playchess.com"]
[Source "ChessBase"]
[SourceQuality "1"]
[TimeControl "5400+30"]

1. d4 Nf6 2. Bf4 e6 3. Nf3 c5 4. e3 d5 5. c3 Nc6 6. Nbd2 Bd6 7. Bg3 O-O 8. Bd3 Re8 9. Ne5 Ne7 10. f4 Nf5 11. Bf2 cxd4 12. exd4 Bf8 13. g4 Nd6 14. Bh4 Be7 15. Bxf6 Bxf6 16. O-O a6 17. Qf3 g6 18. Rae1 Bg7 19. Qh3 a5 20. Re2 b6 21. Rg2 Ba6 22. Bxa6 Rxa6 23. f5 exf5 24. gxf5 Nxf5 25. Rxf5 gxf5 26. Qh6 Kf8 27. Qxg7+ Ke7 28. Nc6+ 1-0

[Event "2nd Hersonissos Open 2018"]
[Site "Hersonissos"]
[Date "2018.06.20"]
[Round "5"]
[White "Haverkamp, Klaus"]
[Black "Lobersli, Henrik Oie"]
[Result "1/2-1/2"]
[ECO "C55"]
[WhiteElo "1921"]
[BlackElo "2134"]
[Annotator "NA"]
[PlyCount "47"]
[EventDate "2018.06.16"]
[EventType "swiss"]
[EventCountry "GRE"]
[SourceTitle "playchess.com"]
[Source "ChessBase"]
[SourceQuality "1"]
[TimeControl "5400+30"]

1. e4 e5 2. Nf3 Nc6 3. Bc4 Nf6 4. d3 Be7 5. Nc3 d6 6. h3 Be6 7. Bb3 O-O 8. Bg5 Nd7 9. Bxe7 Nxe7 10. d4 Bxb3 11. axb3 Ng6 12. dxe5 dxe5 13. O-O c6 14. Qd6 Nb6 15. Rfd1 a6 16. Na4 Nxa4 17. bxa4 Qb6 18. Nxe5 Rfd8 19. Nc4 Rxd6 20. Nxb6 Rad8 21. Re1 Rd2 22. Rac1 Ne5 23. Kf1 g5 24. b3 1/2-1/2